 Dungeon Crawl Stone Soup version 0.28-a0-819-g6ef7baa362 (webtiles) character file.

Game seed: 806043417621652020

9852 siradein the Fighter (level 11, -2/101 HPs)
             Began as a Black Draconian Fighter on Nov 9, 2021.
             Was a Follower of Ru.
             Slain by a death yak (20 damage)
             ... on level 11 of the Dungeon.
             The game lasted 00:58:48 (13683 turns).

siradein the Fighter (Black Draconian Fighter)     Turns: 13683, Time: 00:58:48

Health: -2/101     AC: 12    Str: 22    XL:     11   Next: 28%
Magic:  11/11      EV: 17    Int:  8    God:    Ru [*.....]
Gold:   746        SH:  7    Dex: 17    Spells: 10/10 levels left

rFire   . . .      SeeInvis .   L - +3 long sword
rCold   . . .      Faith    .   b - +0 buckler
rNeg    . . .      Spirit   .   (armour unavailable)
rPois   .          Reflect  .   (helmet restricted)
rElec   +          Harm     .   (no cloak)
rCorr   .          Rampage  .   D - +0 pair of gloves
Will    .....                   (no boots)
Stlth   ++........              M - amulet of regeneration
HPRegen 1.26/turn               w - +6 ring of dexterity
MPRegen 0.12/turn               a - +4 ring of protection

@: no status effects
A: breathe lightning, AC +7, unfitting armour, electricity resistance,
cold-blooded, no hexes magic, no ice magic, no summoning magic
a: Breathe Lightning, Renounce Religion


You were on level 11 of the Dungeon.
You worshipped Ru.
Ru was aware of your devotion.
You visited 3 branches of the dungeon, and saw 13 of its levels.

You collected 746 gold pieces.

Inventory:

Hand Weapons
 L - a +3 long sword (weapon)
 Q - the +8 dagger "Dianub" {freeze, rF+ rC+ Dex+3}
   (You found it on level 9 of the Dungeon)

   It freezes those it strikes, dealing additional cold damage.
   It can also slow down cold-blooded creatures.
   Dex:       It affects your dexterity (+3).
   rF:        It protects you from fire.
   rC:        It protects you from cold.
Missiles
 x - a throwing net
 C - 5 boomerangs
Armour
 b - a +0 buckler (worn)
 D - a +0 pair of gloves (worn)
Jewellery
 a - a +4 ring of protection (right hand)
 d - a ring of poison resistance
 h - a ring of ice
 i - an amulet of magic regeneration
 w - a +6 ring of dexterity (left hand)
 F - a ring of ice
 G - a ring of willpower
 M - an amulet of regeneration (around neck)
Wands
 e - a wand of paralysis (13)
 s - a wand of polymorph (2)
 y - a wand of iceblast (25)
 I - a wand of mindburst (11)
 J - a wand of flame (47)
Scrolls
 g - 3 scrolls of teleportation {unknown}
 k - 2 scrolls of immolation {unknown}
 l - 3 scrolls of acquirement {unknown}
 m - 2 scrolls of magic mapping {unknown}
 n - a scroll of torment {unknown}
 o - a scroll of amnesia {unknown}
 r - 3 scrolls of enchant armour {unknown}
 t - a scroll of fog {unknown}
 u - a scroll of silence
 B - 2 scrolls of enchant weapon
 H - a scroll of vulnerability
Potions
 c - a potion of might
 f - 6 potions of curing
 j - 2 potions of lignification
 p - 2 potions of attraction
 q - 2 potions of haste {unknown}
 v - a potion of berserk rage {unknown}
 z - 3 potions of magic
 A - a potion of invisibility {unknown}
 E - 2 potions of cancellation {unknown}
 N - a potion of heal wounds {unknown}
 O - a potion of degeneration {unknown}
Miscellaneous
 K - a condenser vane


   Skills:
 + Level 10.3 Fighting
 + Level 9.2 Long Blades
 + Level 8.7 Dodging
 + Level 9.5 Shields


You had 10 spell levels left.
You didn't know any spells.
Your spell library contained the following spells:

 Spells                   Type           Power      Damage    Failure   Level
 Passage of Golubria      Tloc           0%         N/A       99%         4
 Tukima's Dance           Hex            Unusable   N/A       N/A         3
 Yara's Violent Unravell  Hex/Tmut       Unusable   3d3       N/A         5

Dungeon Overview and Level Annotations

Branches:
Dungeon (11/15)            Temple (1/1) D:5            Lair (1/6) D:11
    Orc (0/2) D:10

Altars:
Ashenzari
Cheibriados
Dithmenos
Elyvilon
Kikubaaqudgha
Makhleb
Nemelex Xobeh
Ru
Sif Muna
Trog
Uskayaw
Xom
Yredelemnul
Zin

Shops:
D:3 :(

Annotations:
D:8 2 transporters, CurlyBrace's ghost, novice FeFE


Innate Abilities, Weirdness & Mutations

You can breathe wild blasts of lightning.
Your glossy black scales are hard. (AC +7)
You cannot fit into any form of body armour.
You are resistant to electric shocks. (rElec)
You are cold-blooded and may be slowed by cold attacks.
You cannot study or cast Hexes magic.
You cannot study or cast Ice magic.
You cannot study or cast Summoning magic.


Message History

The death yak is moderately wounded.
The death yak gores you.
The death yak gores you but does no damage.
You block the death yak's attack.
You hit the death yak but do no damage.
The death yak is moderately wounded.
The death yak closely misses you. The death yak misses you.
The death yak gores you!
You hit the death yak but do no damage.
You tail-slap the death yak, but do no damage.
The death yak is moderately wounded.
The death yak gores you! You block the death yak's attack. x2
You hit the death yak but do no damage.
The death yak is moderately wounded.
The death yak barely misses you. The death yak gores you!
* * * LOW HITPOINT WARNING * * *
The death yak misses you.
You hit the death yak.
You tail-slap the death yak, but do no damage.
The death yak is heavily wounded.
You block the death yak's attack. The death yak completely misses you. x2
You hit the death yak but do no damage.
The death yak is moderately wounded.
The death yak gores you!
* * * LOW HITPOINT WARNING * * *
The death yak closely misses you.
The death yak is stunned by your conviction and fails to attack.
You hit the death yak.
The death yak is heavily wounded.
The death yak barely misses you. You block the death yak's attack.
The death yak gores you.
* * * LOW HITPOINT WARNING * * *
You slash the death yak!
The death yak is severely wounded.
The death yak gores you but does no damage. x2
You block the death yak's attack.
You slash the death yak!
The death yak is severely wounded.
You block the death yak's attack. x2; The death yak gores you!!
You die...

#......#...# #..........'
########<..####..........#
#..........#..'..........#
#..........#.##..........#
#.....<....#.##<........)#
#.)..>.....'.##..........#
#..........####..........#
#########Y## #####'######
#Y@# #.....## ########Y##
#####..# #.........# ##.#
#.........# ########.#
#.........# #.........
#.........### #.........
#.........+.### #.........
#......<..#...###.........
#.........###.............


You could see 3 death yaks.

Vanquished Creatures
  3 hydras
  A two-headed ogre (D:11)
  A death yak (D:11)
  A cyclops (D:9)
  A manticore (D:11)
  A cane toad (Lair:1)
  2 komodo dragons
  A troll (D:11)
  Prince Ribbit (D:9)
  A vampire (D:10)
  3 shadows
  A wraith (D:9)
  2 steam dragons
  Menkaure (D:5)
  A water moccasin (Lair:1)
  A sky beast (D:6)
  4 orc warriors
  2 ogres
  2 phantoms
  3 centaurs
  A wyvern zombie (D:7)
  3 bullfrogs
  2 scorpions (D:6)
  2 troll zombies (D:10)
  4 killer bees
  2 howler monkeys (D:11)
  9 wights
  6 centaur zombies
  A jelly (D:6)
  3 centaur skeletons
  2 gnoll shamans
  3 orc priests
  2 hounds
  A bullfrog skeleton (D:6)
  An iguana (D:6)
  Ijyb (D:5)
  3 orc wizards
  4 ogre zombies (D:10)
  A hound skeleton (D:5)
  2 hound zombies (D:5)
  A howler monkey zombie (D:9)
  11 gnolls
  4 adders
  2 shadow imps
  3 white imps
  2 ufetubi (D:5)
  2 adder skeletons (D:4)
  2 worms
  2 dart slugs (D:1)
  31 orcs
  4 endoplasms
  3 giant cockroaches
  6 hobgoblins
  7 jackals
  2 quokkas
  4 ball pythons
  2 bats (D:1)
  4 frilled lizards
  5 goblins
  A goblin zombie (D:10)
  2 hobgoblin skeletons (D:10)
  6 kobolds
  4 orc skeletons (D:10)
  12 orc zombies (D:10)
  7 rats
215 creatures vanquished.

Vanquished Creatures (others)
  A fungus (Lair:1)
1 creature vanquished.

Grand Total: 216 creatures vanquished

Notes
Turn   | Place    | Note
-------+----------+-------------------------------------------
     0 | D:1      | siradein the Draconian Fighter began the quest for the Orb.
     0 | D:1      | Reached XP level 1. HP: 19/19 MP: 1/1
   168 | D:1      | Reached XP level 2. HP: 15/26 MP: 2/2
   373 | D:1      | Found a faded altar of an unknown god.
   620 | D:1      | Reached XP level 3. HP: 31/31 MP: 3/3
  2111 | D:3      | Found Geix's Book Boutique.
  2509 | D:3      | Found Qeon's Antique Weapon Emporium.
  2558 | D:4      | Noticed a phantom
  2575 | D:4      | Killed a phantom
  2576 | D:4      | Reached skill level 4 in Fighting
  2576 | D:4      | Reached XP level 4. HP: 24/40 MP: 4/4
  2576 | D:4      | Reached XP level 5. HP: 27/46 MP: 5/5
  2852 | D:4      | Noticed an ogre
  3144 | D:4      | Found a broken altar of Ashenzari.
  3144 | D:4      | Found a burning altar of Makhleb.
  3144 | D:4      | Found a sparkling altar of Nemelex Xobeh.
  3147 | D:4      | Found a basalt altar of Yredelemnul.
  3149 | D:4      | Found an ancient bone altar of Kikubaaqudgha.
  3335 | D:5      | Entered Level 5 of the Dungeon
  3405 | D:5      | Noticed Ijyb
  3416 | D:5      | Killed Ijyb
  3839 | D:5      | Found a staircase to the Ecumenical Temple.
  3840 | D:5      | Noticed an ogre
  3896 | D:5      | Noticed Menkaure
  4191 | D:5      | Reached XP level 6. HP: 25/53 MP: 6/6
  4383 | Temple   | Entered the Ecumenical Temple
  4414 | Temple   | Became a worshipper of Ru the Awakened
  5230 | D:6      | Noticed an orc warrior
  5249 | D:6      | an orc warrior changed into a worm
  5260 | D:6      | Reached skill level 5 in Fighting
  5683 | D:6      | Your scales start taking on a glossy black colour.
  5683 | D:6      | Reached XP level 7. HP: 61/61 MP: 7/7
  5683 | D:6      | Gained mutation: You are resistant to electric shocks.
                  | (rElec) [Black Draconian growth]
  5952 | D:6      | Reached skill level 5 in Shields
  6305 | D:5      | Killed Menkaure
  6606 | D:6      | Gained mutation: You cannot study or cast Ice magic. [Ru
                  | sacrifice]
  6606 | D:6      | Gained mutation: You cannot study or cast Hexes magic. [Ru
                  | sacrifice]
  6606 | D:6      | Gained mutation: You cannot study or cast Summoning magic.
                  | [Ru sacrifice]
  6606 | D:6      | Reached * piety under Ru
  6688 | D:6      | Reached skill level 6 in Fighting
  6688 | D:6      | Reached skill level 5 in Long Blades
  6688 | D:6      | Reached skill level 5 in Dodging
  6688 | D:6      | Reached XP level 8. HP: 22/70 MP: 8/8
  7513 | D:7      | Found a shimmering altar of Xom.
  7516 | D:7      | Found a shimmering altar of Xom.
  7516 | D:7      | Found a shimmering altar of Xom.
  7517 | D:7      | Found a shimmering altar of Xom.
  7517 | D:7      | Found a shimmering altar of Xom.
  7517 | D:7      | Found a shimmering altar of Xom.
  7517 | D:7      | Found a shimmering altar of Xom.
  7517 | D:7      | Found a shimmering altar of Xom.
  7519 | D:7      | Found a shimmering altar of Xom.
  8655 | D:8      | Reached skill level 7 in Fighting
  8681 | D:8      | Found a transporter.
  8756 | D:8      | Found a bloodstained altar of Trog.
  8764 | D:8      | Found a transporter.
  8765 | D:8      | Noticed CurlyBrace's ghost (novice FeFE)
  8778 | D:8      | Noticed a moth of wrath
  8888 | D:8      | Reached XP level 9. HP: 68/79 MP: 9/9
  9935 | D:9      | Noticed a cyclops
  9947 | D:9      | Killed a cyclops
  9948 | D:9      | Reached skill level 8 in Fighting
 10029 | D:9      | Noticed Prince Ribbit
 10046 | D:9      | Killed Prince Ribbit
 10477 | D:10     | Entered Level 10 of the Dungeon
 10888 | D:10     | Reached XP level 10. HP: 70/90 MP: 10/10
 10958 | D:10     | Reached skill level 9 in Fighting
 11130 | D:10     | Found a staircase to the Orcish Mines.
 11839 | D:11     | Found a staircase to the Lair.
 11894 | D:11     | Noticed a four-headed hydra
 11894 | D:11     | Noticed a two-headed ogre
 12275 | D:9      | Identified the +8 dagger "Dianub" {freeze, rF+ rC+ Dex+3}
 12568 | D:9      | Killed a four-headed hydra
 12629 | D:11     | Killed a two-headed ogre
 12747 | D:11     | Noticed a manticore
 12768 | D:11     | Killed a manticore
 13202 | D:11     | Noticed an eight-headed hydra
 13222 | D:11     | Killed an eight-headed hydra
 13223 | D:11     | Reached XP level 11. HP: 54/99 MP: 11/11
 13413 | D:11     | Reached skill level 10 in Fighting
 13450 | Lair:1   | Entered Level 1 of the Lair of Beasts
 13491 | Lair:1   | Noticed a seven-headed hydra
 13505 | Lair:1   | Killed a seven-headed hydra
 13580 | Lair:1   | Noticed a death yak
 13586 | Lair:1   | Noticed a death yak
 13587 | Lair:1   | Noticed a death yak
 13591 | Lair:1   | Noticed a death yak
 13591 | Lair:1   | Noticed a death yak
 13601 | Lair:1   | Noticed a death yak
 13643 | D:11     | Killed a death yak
 13683 | D:11     | Slain by a death yak

Illustrated notes

Levels and vault maps discovered:
D:1:      dpeg_arrival_signposts, layout_rooms, basic_ecumenical_altar
D:2:      minmay_evil_eye, layout_basic
D:3:      layout_loops_ring, serial_shops, nicolae_lakefront_shop,
          nicolae_shop_window_shopping, serial_aquarium,
          aquarium_bridge_straight [aquarium_subvault_bridge,
          aquarium_subvault_window, aquarium_subvault_bridge,
          aquarium_subvault_balcony], aquarium_bridge_long_separate
          [aquarium_subvault_balcony, aquarium_subvault_bridge,
          aquarium_subvault_balcony, aquarium_subvault_bridge,
          aquarium_subvault_bridge, aquarium_subvault_bridge],
          aquarium_window_fake, aquarium_window_corner, aquarium_view_2a,
          aquarium_view_2e, aquarium_balcony_3b
D:4:      layout_rooms, minitemple
D:5:      layout_loops_ring, minmay_temple_entry_large_hall,
          chequers_serial_rivers_micro_e, uniq_menkaure, uniq_ijyb
D:6:      layout_basic
D:7:      layout_gridville, xom_redecorated
D:8:      layout_rooms, gammafunk_ghost_wrathful_warriors
D:9:      layout_gridville, grunt_ministairs_14, uniq_prince_ribbit1
D:10:     layout_cave_pools, zombieorc1_lemuel
D:11:     layout_roguey, lair_entry_dummy, dk_vineyard_2
Temple:   nicolae_temple_elliptical
Lair:1:   layout_regular_city, uniq_erica

Skill      XL: |  1  2  3  4  5  6  7  8  9 10 11 |
---------------+----------------------------------+-----
Dodging        | 3 4 5 6 7 8 |  8.7
Fighting       | 4 5 6 7 8 9 10 | 10.3
Long Blades    | 3 4 5 6 7 8 9 |  9.2
Shields        | 4 5 6 7 9 |  9.5

Action                   |  1- 3 |  4- 6 |  7- 9 | 10-12 || total
-------------------------+-------+-------+-------+-------++-------
Melee: Long sword        |   130 |   169 |    49 |   105 ||   453
       Tailslap          |    18 |    32 |    49 |    55 ||   154
       Scimitar          |       |       |   236 |    65 ||   301
       Dagger            |       |       |       |    63 ||    63
       Spear             |       |       |       |     7 ||     7
Invok: Sacrifice Arcana  |       |       |     1 |       ||     1
       Reject Sacrifices |       |       |     1 |       ||     1
 Abil: Breathe Lightning |       |       |    24 |    17 ||    41
Evoke: Wand              |       |     1 |       |       ||     1
  Use: Scroll            |       |       |     7 |     3 ||    10
       Potion            |       |       |       |     1 ||     1
 Stab: Sleeping          |     1 |     1 |     1 |     1 ||     4
       Distracted        |       |       |       |     1 ||     1
Armor: Skin              |    48 |    59 |   117 |    87 ||   311
Dodge: Dodged            |    72 |   110 |   211 |   216 ||   609
Block: Buckler           |    30 |    36 |   106 |   101 ||   273

Table legend: (Time is in decaauts)
 A = Elapsed time spent in this place.
 B = Non-inter-level travel time spent in this place.
 C = Inter-level travel time spent in this place.
 D = Time resting spent in this place.
 E = Time spent auto-exploring this place.
 F = Levels seen in this place.
 G = Mean time per level.
                   A        B        C        D        E       F      G
               +--------+--------+--------+--------+--------+-----+--------+
         Total |  13782 |  13310 |    472 |   1199 |   8887 |  13 | 1060.2 |
       Dungeon |  13555 |  13083 |    472 |   1195 |   8792 |  11 | 1232.3 |
        Temple |     57 |     57 |      0 |      0 |     21 |   1 |   57.0 |
          Lair |    169 |    169 |      0 |      4 |     74 |   1 |  169.0 |
               +--------+--------+--------+--------+--------+-----+--------+

Top non-repeatable levels by time:
     D:5: 1826 daAuts
     D:9: 1771 daAuts
     D:4: 1392 daAuts
     D:6: 1381 daAuts
    D:10: 1349 daAuts
     D:7: 1316 daAuts
     D:3: 935 daAuts
     D:8: 924 daAuts
    D:11: 918 daAuts
     D:1: 911 daAuts
     D:2: 828 daAuts
  Lair:1: 169 daAuts
  Temple: 57 daAuts
